 Dungeon Crawl Stone Soup version 0.22.1-2-g9c5b331383 (webtiles) character file.

71213 McIrco the Peltast (level 14, -6/95 HPs)
             Began as a Demonspawn Fighter on Jan 5, 2019.
             Was the Champion of Makhleb.
             Killed from afar by a hell hog (23 damage)
             ... with a fireball
             ... on level 2 of the Abyss on Jan 6, 2019.
             The game lasted 01:07:22 (23141 turns).

McIrco the Peltast (Demonspawn Fighter)            Turns: 23141, Time: 01:07:22

Health: -6/95      AC: 22    Str: 14      XL:     14   Next: 97%
Magic:  0/11       EV: 14    Int:  6 (10) God:    Makhleb [******]
Gold:   2030       SH: 20    Dex: 21      Spells: 13/13 levels left

rFire    . . .     SeeInvis +   y - +7 spear "Jejafom" {flame, rC+}
rCold    + . .     Gourm    .   c - +0 shield
rNeg     . . .     Faith    .   M - +4 plate armour
rPois    .         Spirit   +   E - +1 hat
rElec    .         Reflect  +   D - +0 cloak
rCorr    .         Harm     .   r - +2 pair of gloves
MR       +....     Rnd*Rage +   (boots unavailable)
Stlth    ..........             C - +6 amulet of reflection
HPRegen  0.25/turn              Z - ring of see invisible
MPRegen  0.24/turn              s - +3 ring of protection

@: agile
A: antennae 1, claws 1, hooves 3, [berserk 2], [blurry vision 2], deformed body,
frail 1, [low mp 2], powered by pain 1, weak 1[+1], magic shield, magic
regeneration, no potion heal 2[+1], [subdued magic 2]
a: Minor Destruction, Lesser Servant of Makhleb, Major Destruction, Greater
Servant of Makhleb, Renounce Religion


You were on level 2 of the Abyss.
You worshipped Makhleb.
Makhleb was exalted by your worship.
You were not hungry.

You visited 3 branches of the dungeon, and saw 21 of its levels.
You visited the Abyss 1 time.
You also visited: Ossuary, Bailey and Ice Cave.

You collected 2474 gold pieces.
You spent 444 gold pieces at shops.

Inventory:

Hand Weapons
 y - the +7 spear "Jejafom" (weapon) {flame, rC+}
   (You found it on level 7 of the Dungeon)

   It has been specially enchanted to burn those struck by it, causing extra
   injury to most foes and up to half again as much damage against particularly
   susceptible opponents.
   It protects you from cold.
 O - a +0 vampiric scimitar
Armour
 c - a +0 shield (worn)
 r - a +2 pair of gloves (worn)
 D - a +0 cloak (worn)
 E - a +1 hat (worn)
 M - a +4 plate armour (worn)
 T - +0 ice dragon scales
Jewellery
 g - an uncursed ring of protection from cold
 i - an uncursed ring of fire {unknown}
 n - an uncursed ring of stealth {unknown}
 s - a +3 ring of protection (right hand)
 C - a +6 amulet of reflection (around neck)
 K - an uncursed ring of fire {unknown}
 L - a +3 ring of evasion {unknown}
 Z - a ring of see invisible (left hand)
Wands
 a - a wand of acid (19)
 b - a wand of scattershot (4)
 t - a wand of iceblast (18)
 F - a wand of flame (55)
 N - a wand of polymorph (33)
 X - a wand of digging (17)
Scrolls
 e - 4 scrolls of magic mapping
 h - 7 scrolls of remove curse
 k - 5 scrolls of teleportation
 p - 5 scrolls of enchant weapon
 q - 2 scrolls of fear
 w - 2 scrolls of enchant armour
 G - a scroll of identify
 H - a scroll of vulnerability
 R - a scroll of immolation
 S - a scroll of silence
 Y - a scroll of acquirement
Potions
 d - 3 potions of might
 j - 7 potions of lignification
 l - 3 potions of agility
 m - a potion of resistance
 o - 2 potions of flight
 u - a potion of invisibility
 v - 14 potions of curing
 x - a potion of ambrosia
 z - 4 potions of mutation
 A - 10 potions of heal wounds
 B - 3 potions of berserk rage
 I - 4 potions of haste
 Q - 4 potions of brilliance
 U - a potion of magic
 W - a potion of cancellation
Miscellaneous
 P - a box of beasts
Comestibles
 f - 32 rations


   Skills:
 + Level 8.6 Fighting
 - Level 7.9 Long Blades
 + Level 10.1 Polearms
 * Level 10.0 Armour
 * Level 8.9 Dodging
 + Level 1.9 Stealth
 * Level 15.0 Shields


You had 13 spell levels left.
You didn't know any spells.
Your spell library contained the following spells:

 Spells                   Type           Power        Failure   Level  Hunger
 Animate Skeleton         Necr           N/A          100%        1    ##.....
 Apportation              Tloc           #.....       100%        1    ##.....
 Confusing Touch          Hex            #.....       100%        1    ##.....
 Sandblast                Erth           #.....       100%        1    ##.....
 Summon Butterflies       Summ           #.......     100%        1    ##.....
 Summon Small Mammal      Summ           #...         100%        1    ##.....
 Passwall                 Tmut/Erth      #.......     100%        2    ###....
 Call Canine Familiar     Summ           #.......     100%        3    ####...
 Confuse                  Hex            #.......     100%        3    ####...
 Gell's Gravitas          Tloc           #.........   100%        3    ####...
 Stone Arrow              Conj/Erth      #.....       100%        3    ####...
 Petrify                  Tmut/Erth      #.......     100%        4    #####..
 Summon Ice Beast         Ice/Summ       #.......     100%        4    #####..
 Bolt of Magma            Conj/Fire/Erth #.........   100%        5    ######.
 Iskenderun's Battlesphe  Conj/Chrm      #.......     100%        5    ######.
 Lee's Rapid Deconstruct  Erth           #.........   100%        5    ######.
 Metabolic Englaciation   Hex/Ice        #.........   100%        5    ######.
 Summon Mana Viper        Hex/Summ       #.......     100%        5    ######.
 Venom Bolt               Conj/Pois      #.........   100%        5    ######.
 Yara's Violent Unravell  Hex/Tmut       #.........   100%        5    ######.
 Iron Shot                Conj/Erth      #.........   100%        6    #######
 Orb of Destruction       Conj           #.........   100%        7    #######
 Spellforged Servitor     Conj/Summ      #.........   100%        7    #######
 Summon Hydra             Summ           #.........   100%        7    #######


Dungeon Overview and Level Annotations

Branches:
Dungeon (14/15)            Temple (1/1) D:5            Lair (6/6) D:11
 Shoals (0/4) Lair:4        Snake (0/4) Lair:3          Orc (0/2) D:12
  Slime: Lair:5-6    Vaults: D:13-14

Altars:
Ashenzari
Dithmenos
Fedhas
Gozag
Hepliaklqana
Kikubaaqudgha
Makhleb
Nemelex Xobeh
Okawaru
Qazlal
Ru
Sif Muna
Trog
Uskayaw
Vehumet
Wu Jian
Xom
Yredelemnul
Zin
The Shining One

Shops:
D:7 !}

Annotations:
D:4 1 runed door
Lair:4 1 runed door, matti1234's ghost, journeyman OpWr


Innate Abilities, Weirdness & Mutations

You have a pair of small antennae on your head.
You have sharp fingernails.
You have hooves in place of feet.
You sometimes gain a little power by taking damage.
When hurt, damage is shared between your health and your magic reserves.
You regenerate magic rapidly.
Armour fits poorly on your strangely shaped body.
You are frail. (-10% HP)
[You often lose your temper in combat.]
[Scrolls take you longer to read.]
[Your magical capacity is very low. (-20% MP)]
[You are very weak. (Str -4)]
[Potions cannot restore your health.]
[Your spells are easier to cast, but less powerful.]


Message History

A hell hog comes into view.
The wretched star glows turbulently.
The orb of energy hits you! The hell hog breathes fire at you.
The fireball explodes!
The fireball engulfs you!
You hear an angry squeal.
The hell hog breathes fire at you.
The fireball explodes!
The fireball engulfs you!
* * * LOW HITPOINT WARNING * * *
You focus on the pain.
You feel your power returning.
Okay, then.
Really read with blurry vision while enemies are nearby? [Y]es or [N]o only, please.
Really read with blurry vision while enemies are nearby?
Okay, then.
Unknown command.
Unknown command.
The hell hog breathes fire at you.
The fireball explodes!
The fireball engulfs you!
You die...

.# #.# ...### . .
.#....# ###.
..##..## .##..#
#3#....## . ....
#h#....@# # .
.#X.####..#.#.#.#..#
# #.##X....####.#..#
###.#. #.#...##h.###
.. #......#.h....#
## .*##.#.....## .
###..###..#.###
#..#..#..#.####
..###.. ##.


You could see a hell hog.

Vanquished Creatures
  A tentacled monstrosity (Abyss:2)
  A tentacled starspawn (Abyss:2)
  Gastronok (D:10)
  Harold (Lair:1)
  A centaur warrior (D:13)
  2 ice dragons (IceCv)
  5 hydras
  A two-headed ogre (D:10)
  A tengu warrior (D:13)
  6 death yaks (Lair:5)
  Urug (D:13)
  A large abomination (Abyss:2)
  Sonja (D:13)
  A sixfirhy (Abyss:2)
  An unseen horror (D:12)
  An oklob plant (Lair:4)
  7 ugly things
  2 deep elf magi
  3 cyclopes
  3 manticores
  A worldbinder (Abyss:2)
  2 ice statues (IceCv)
  5 black mambas
  An orange demon (Abyss:2)
  6 elephants
  7 spiny frogs
  A smoke demon (Abyss:2)
  6 rime drakes
  A gargoyle (D:12)
  7 komodo dragons
  An ice devil (D:14)
  An efreet (Abyss:2)
  A redback zombie (D:13)
  4 guardian mummies (D:13)
  2 trolls
  3 polar bears
  A hornet (Lair:2)
  A raiju (Abyss:2)
  5 slime creatures (D:12)
  14 blink frogs (Lair:5)
  A harpy skeleton (Abyss:2)
  Grinder (D:3)
  10 hippogriffs
  A spriggan (shapeshifter) (D:14)
  4 flying skulls (Abyss:2)
  3 shadows
  A wraith (D:12)
  A ynoxinul (Abyss:2)
  33 yaks
  A chaos spawn (Abyss:2)
  7 wyverns
  Eustachio (D:6)
  A steam dragon (Lair:4)
  2 neqoxecs (Abyss:2)
  6 humans
  A hungry ghost (D:12)
  2 basilisks
  The ghost of Cykl0x the Conjurer, an amateur OpCj (D:4)
  A hell hound (Lair:6)
  A soldier ant (D:10)
  21 water moccasins
  Duvessa (D:4)
  9 porcupines
  8 orc warriors
  An eye of draining (D:5)
  4 black bears
  19 ice beasts
  A phantom (D:5)
  A sky beast (D:6)
  6 ogres
  A wolf (Lair:6)
  10 centaurs
  12 crocodiles
  3 small abominations (Abyss:2)
  7 big kobolds
  Blork the orc (D:4)
  18 bullfrogs
  A gnoll sergeant (D:6)
  Dowan (D:4)
  9 killer bees
  15 wights
  An electric eel (Lair:3)
  6 crimson imps
  5 centaur zombies
  2 quasits
  8 jellies
  13 orc priests
  11 orc wizards
  2 bullfrog skeletons (D:8)
  2 centaur skeletons
  4 hounds
  5 iguanas
  Natasha (D:4)
  8 hell rats (Lair:3)
  8 worker ants
  2 hound zombies
  6 mummies
  A worker ant zombie (D:8)
  Robin (D:4)
  10 gnolls
  19 adders
  12 river rats
  3 shadow imps
  A white imp (Abyss:2)
  An ufetubus (Abyss:2)
  8 oozes
  An adder zombie (Ossuary)
  A worm (D:6)
  9 leopard geckos
  50 orcs
  9 bats
  6 giant cockroaches
  5 hobgoblins
  14 jackals
  45 kobolds
  14 quokkas
  2 ball pythons
  A frilled lizard (D:3)
  13 goblins
  3 goblin zombies (Ossuary)
  7 hobgoblin zombies (Ossuary)
  A jackal zombie (Ossuary)
  A kobold skeleton (D:2)
  11 kobold zombies
  11 orc zombies (Ossuary)
  A quokka skeleton (D:8)
  16 rats
  3 rat zombies (Ossuary)
  A spectral orc (D:2)
  2 plants (Lair:3)
  3 starspawn tentacles (Abyss:2)
709 creatures vanquished.

Vanquished Creatures (others)
  Nessos (Lair:5)
  A centaur warrior (D:13)
  A tengu conjurer (D:14)
  A water moccasin (Lair:6)
  A centaur (D:10)
  An adder skeleton (D:7)
  An orc (D:13)
  A hobgoblin (D:2)
  9 kobolds
  7 fungi
  6 plants
30 creatures vanquished.

Grand Total: 739 creatures vanquished

Notes
Turn   | Place    | Note
-------+----------+-------------------------------------------
     0 | D:1      | McIrco the Demonspawn Fighter began the quest for the Orb.
     0 | D:1      | Reached XP level 1. HP: 18/18 MP: 1/1
   399 | D:1      | Reached skill level 3 in Shields
   402 | D:1      | Gained mutation: You have sharp fingernails. [demonic
                  | ancestry]
   402 | D:1      | Reached XP level 2. HP: 24/24 MP: 2/2
   878 | D:2      | Found a basalt altar of Yredelemnul.
   919 | D:2      | Gained mutation: You have large cloven feet. [demonic
                  | ancestry]
   919 | D:2      | Reached XP level 3. HP: 20/29 MP: 3/3
  1024 | D:2      | Reached skill level 1 in Dodging
  1143 | D:2      | Found a shadowy altar of Dithmenos.
  1423 | D:2      | Noticed a human
  1424 | D:2      | Found a runed door.
  1427 | D:2      | Found a basalt altar of Yredelemnul.
  1473 | D:2      | Killed a human
  1473 | D:2      | Gained mutation: When hurt, damage is shared between your
                  | health and your magic reserves. [demonic ancestry]
  1473 | D:2      | Reached XP level 4. HP: 25/35 MP: 4/4
  1473 | D:2      | Gained mutation: You have a pair of small antennae on your
                  | head. [demonic ancestry]
  1473 | D:2      | Reached XP level 5. HP: 30/41 MP: 5/5
  1959 | D:3      | Reached XP level 6. HP: 34/47 MP: 6/6
  2116 | D:3      | Noticed Grinder
  2131 | D:3      | Killed Grinder
  2131 | D:3      | Reached skill level 4 in Shields
  2896 | D:4      | Reached XP level 7. HP: 36/54 MP: 5/7
  2968 | D:4      | Found a sparkling altar of Nemelex Xobeh.
  3374 | D:4      | Noticed Blork the orc
  3375 | D:4      | Noticed Duvessa
  3375 | D:4      | Noticed Dowan
  3452 | D:4      | Killed Blork the orc
  3462 | D:4      | Killed Duvessa
  3488 | D:4      | Killed Dowan
  3488 | D:4      | Reached skill level 5 in Long Blades
  3723 | D:4      | Found a runed door.
  3723 | D:4      | Noticed Cykl0x's ghost (amateur OpCj)
  3760 | D:4      | Killed Cykl0x's ghost
  3760 | D:4      | Reached skill level 5 in Shields
  3760 | D:4      | Reached XP level 8. HP: 11/61 MP: 1/8
  4027 | D:4      | Noticed Robin
  4034 | D:4      | Noticed Natasha
  4045 | D:4      | Killed Natasha
  4059 | D:4      | Killed Robin
  4080 | D:4      | Found a runed door.
  4143 | D:5      | Entered Level 5 of the Dungeon
  4187 | D:5      | Found a sand-covered staircase.
  4194 | Ossuary  | Entered an ossuary
  4461 | D:5      | Found a sacrificial altar of Ru.
  4760 | D:5      | Found a staircase to the Ecumenical Temple.
  4768 | Temple   | Entered the Ecumenical Temple
  4836 | Temple   | Became a worshipper of Makhleb the Destroyer
  5270 | D:5      | Found a shimmering altar of Xom.
  5325 | D:5      | Found a bloodstained altar of Trog.
  6345 | D:6      | Found a shimmering altar of Xom.
  6456 | D:6      | Reached * piety under Makhleb
  6611 | D:6      | Gained mutation: You have hoof-like feet. [demonic
                  | ancestry]
  6611 | D:6      | Reached XP level 9. HP: 41/67 MP: 5/9
  6618 | D:6      | Reached skill level 5 in Fighting
  6618 | D:6      | Reached skill level 5 in Armour
  6842 | D:6      | Noticed Eustachio
  6866 | D:6      | Killed Eustachio
  6866 | D:6      | Reached skill level 6 in Shields
  7586 | D:7      | Reached ** piety under Makhleb
  7614 | D:7      | Reached skill level 7 in Shields
  7920 | D:7      | Found Fokuug's Distillery.
  7928 | D:7      | Bought a potion of curing for 36 gold pieces
  7928 | D:7      | Bought a potion of ambrosia for 96 gold pieces
  7928 | D:7      | Bought a potion of heal wounds for 60 gold pieces
  7928 | D:7      | Bought a potion of curing for 36 gold pieces
  7928 | D:7      | Bought 2 potions of berserk rage for 120 gold pieces
  7928 | D:7      | Bought a potion of might for 48 gold pieces
  7928 | D:7      | Bought a potion of might for 48 gold pieces
  7951 | D:7      | Got an ancient spear
  7952 | D:7      | Identified the +7 spear "Jejafom" {flame, rC+} (You found
                  | it on level 7 of the Dungeon)
  7978 | D:7      | Found Ymeidum's Gadget Shop.
  8046 | D:7      | Gained mutation: You regenerate magic rapidly. [demonic
                  | ancestry]
  8046 | D:7      | Reached XP level 10. HP: 74/74 MP: 10/10
  8095 | D:7      | Reached skill level 8 in Shields
  8462 | D:8      | Found a shattered altar of Ashenzari.
  8682 | D:8      | Reached *** piety under Makhleb
  8765 | D:8      | Reached skill level 1 in Polearms
  9100 | D:9      | Reached skill level 9 in Shields
  9483 | D:9      | Reached **** piety under Makhleb
  9907 | D:10     | Entered Level 10 of the Dungeon
  9972 | D:10     | Noticed Gastronok
  9994 | D:10     | Killed Gastronok
  9994 | D:10     | Reached XP level 11. HP: 81/81 MP: 8/11
 10321 | D:10     | Reached skill level 5 in Polearms
 10321 | D:10     | Reached skill level 10 in Shields
 10331 | D:10     | Reached skill level 5 in Dodging
 10563 | D:10     | Noticed a two-headed ogre
 10584 | D:10     | Killed a two-headed ogre
 10980 | D:10     | Reached ***** piety under Makhleb
 11294 | D:11     | Reached skill level 11 in Shields
 11335 | D:11     | Noticed a cyan ugly thing
 11346 | D:11     | Killed a cyan ugly thing
 11589 | D:11     | Gained mutation: You sometimes gain a little power by
                  | taking damage. [demonic ancestry]
 11589 | D:11     | Reached XP level 12. HP: 89/89 MP: 12/12
 11864 | D:11     | Found a staircase to the Lair.
 12175 | D:12     | Found a flagged portal.
 12196 | Bailey   | Entered a bailey
 12326 | Bailey   | Found an iron altar of Okawaru.
 12944 | D:12     | Found a staircase to the Orcish Mines.
 13020 | D:12     | Reached skill level 12 in Shields
 13336 | D:13     | Noticed Sonja
 13641 | D:13     | Noticed a reaper
 13641 | D:13     | Noticed a reaper
 13641 | D:13     | Noticed a reaper
 13641 | D:13     | Noticed a reaper
 13642 | D:13     | Noticed a reaper
 13694 | D:13     | Noticed Urug
 13703 | D:13     | Killed Urug
 13781 | D:13     | Noticed a tengu warrior
 13810 | D:13     | Killed a tengu warrior
 13819 | D:13     | Noticed a centaur warrior
 13821 | D:13     | Reached ****** piety under Makhleb
 13825 | D:13     | Killed a centaur warrior
 13855 | D:13     | Noticed a centaur warrior
 13866 | D:13     | Killed a centaur warrior
 13971 | D:13     | Killed Sonja
 13971 | D:13     | Reached XP level 13. HP: 96/96 MP: 13/13
 14458 | D:14     | Found a frozen archway.
 14482 | IceCv    | Entered an ice cave
 14959 | IceCv    | Reached skill level 13 in Shields
 15756 | IceCv    | Got a fine copper amulet
 15885 | IceCv    | Identified the amulet "Duebaleh" {Inacc rC++ Str-4} (You
                  | found it in an ice cave)
 16360 | Lair:1   | Entered Level 1 of the Lair of Beasts
 16469 | Lair:1   | Noticed Harold
 16486 | Lair:1   | Killed Harold
 17175 | Lair:2   | Reached skill level 1 in Stealth
 18132 | Lair:3   | Found a staircase to the Snake Pit.
 18381 | Lair:3   | Got a twitching amethyst amulet
 18962 | Lair:4   | Found a runed door.
 18962 | Lair:4   | Noticed matti1234's ghost (journeyman OpWr)
 19057 | Lair:4   | Gained mutation: You have hooves in place of feet. [demonic
                  | ancestry]
 19057 | Lair:4   | Reached XP level 14. HP: 104/104 MP: 14/14
 19081 | Lair:4   | Found a staircase to the Shoals.
 19710 | Lair:4   | Identified the amulet of Otob {Faith rElec Str+2} (You
                  | found it on level 3 of the Lair of Beasts)
 19723 | Lair:4   | Identified a scroll of acquirement
 20189 | Lair:5   | Noticed Nessos
 20207 | Lair:5   | Killed Nessos
 20328 | Lair:5   | Reached skill level 14 in Shields
 21904 | Lair:6   | Entered Level 6 of the Lair of Beasts
 22274 | Lair:6   | Cast into level 2 of the Abyss (a wizard)
 22368 | Abyss:2  | Noticed a tentacled starspawn
 22390 | Abyss:2  | Killed a tentacled starspawn
 22390 | Abyss:2  | Reached skill level 10 in Polearms
 22609 | Abyss:2  | Noticed a starcursed mass
 22740 | Abyss:2  | Reached skill level 10 in Armour
 22774 | Abyss:2  | Noticed a tentacled monstrosity
 22796 | Abyss:2  | Killed a tentacled monstrosity
 22822 | Abyss:2  | Gained mutation: You are very frail. (-20% HP) [a neqoxec]
 22824 | Abyss:2  | Gained mutation: [Potions are less effective at restoring
                  | your health.] [a neqoxec]
 22827 | Abyss:2  | Gained mutation: [You are weak. (Str -2)] [a neqoxec]
 22930 | Abyss:2  | Noticed a starcursed mass
 22949 | Abyss:2  | Paralysed by accursed screaming for 1 turns
 22973 | Abyss:2  | Gained mutation: Armour fits poorly on your strangely
                  | shaped body. [a neqoxec]
 23052 | Abyss:2  | Reached skill level 15 in Shields
 23078 | Abyss:2  | Gained mutation: [Potions are poor at restoring your
                  | health.] [a neqoxec]
 23141 | Abyss:2  | Killed from afar by a hell hog

Skill      XL: |  1  2  3  4  5  6  7  8  9 10 11 12 13 14 |
---------------+-------------------------------------------+-----
Shields        | 3 4 5 7 9 11 12 13 15 | 15.0
Dodging        | 1 2 3 4 5 6 7 8 |  8.9
Long Blades    | 3 4 5 6 7 |  7.9
Armour         | 3 4 5 6 7 8 9 10 | 10.0
Fighting       | 4 5 6 7 8 |  8.6
Polearms       | 4 6 7 9 10 | 10.1
Stealth        | 1 |  1.9

Action                   |  1- 3 |  4- 6 |  7- 9 | 10-12 | 13-15 || total
-------------------------+-------+-------+-------+-------+-------++-------
Melee: Long sword        |   112 |   104 |   679 |       |       ||   895
       Kick              |    10 |    29 |   245 |   339 |   582 ||  1205
       Spear             |       |       |     2 |  1055 |  1563 ||  2620
  Use: Scroll            |       |       |    15 |     5 |    18 ||    38
       Potion            |       |       |     2 |     2 |       ||     4
 Stab: Held in net/web   |       |       |       |       |     1 ||     1
       Distracted        |       |       |       |       |     1 ||     1
  Eat: Chunk             |     1 |     5 |    15 |    19 |    23 ||    63
       Ration            |       |       |     1 |     1 |     2 ||     4
Armor: Scale mail        |    55 |    50 |   223 |   167 |       ||   495
       Plate armour      |       |       |       |    99 |   435 ||   534
Dodge: Dodged            |    47 |    27 |   213 |   261 |   256 ||   804
Block: Shield            |    70 |    36 |   480 |   856 |  1003 ||  2445
       Reflection        |       |       |     6 |   110 |    25 ||   141
       Rpst.: Long sword |    12 |    10 |    74 |       |       ||    96
